SNL (28 & UNDER)
KEY WEST BARRACUDAS @ WICHITA WRANGLERS
09/16/2025
 
TOP OF THE 1ST
Key West Barracudas batting - Pitching for Wichita Wranglers : LHP Craig Sturdy
Pitching: LHP Craig Sturdy
Batting: SHB Rodney Birling 0-0: Ball
1-0: Ball
2-0: Called Strike
2-1: Foul Ball, location: 2F
2-2: Fly out, F3 (Popup, 3F)
Batting: RHB Carlos Bravo 0-0: Called Strike
0-1: Foul Ball, location: 2F
0-2: Ball
1-2: SINGLE (Line Drive, 34D)
Batting: RHB Richard Sanders 0-0: SINGLE (Line Drive, 89M)
Carlos Bravo to second
Batting: SHB Luis Manuel López 0-0: Called Strike
0-1: Ball
1-1: Called Strike
1-2: Ball
2-2: Strikes out swinging
Batting: LHB Domingo Ledesma 0-0: Called Strike
0-1: Called Strike
0-2: Foul Ball, location: 2F
0-2: Foul Ball, location: 2F
0-2: Strikes out swinging
Top of the 1st over - 0 run(s), 2 hit(s), 0 error(s), 2 left on base; Key West 0 - Wichita 0
BOTTOM OF THE 1ST
Wichita Wranglers batting - Pitching for Key West Barracudas : LHP Luis Rodríguez
Pitching: LHP Luis Rodríguez
Batting: RHB Tom Howe 0-0: Swinging Strike
0-1: Swinging Strike
0-2: Ball
1-2: Strikes out swinging
Batting: RHB Don Thomas 0-0: Called Strike
0-1: Foul Ball, location: 2F
0-2: Ball
1-2: Ball
2-2: Ball
3-2: Ground out 6-3 (Groundball, 6)
Batting: RHB Doug Delaney 0-0: Called Strike
0-1: Ball
1-1: Foul Ball, location: 2F
1-2: Foul Ball, location: 2F
1-2: Strikes out swinging passed ball, reaches first!
Batting: SHB Javier Peña 0-0: Ball
1-0: Ball
2-0: Swinging Strike
2-1: Called Strike
2-2: Foul Ball, location: 2F
2-2: Ball
3-2: Base on Balls
Doug Delaney to second
Batting: LHB José Hernández 0-0: Swinging Strike
0-1: Called Strike
0-2: Ball
1-2: Ball
2-2: Fly out, F4 (Line Drive, 34)
Bottom of the 1st over - 0 run(s), 0 hit(s), 0 error(s), 2 left on base; Key West 0 - Wichita 0
TOP OF THE 2ND
Key West Barracudas batting - Pitching for Wichita Wranglers : LHP Craig Sturdy
Batting: LHB Víctor Acevedo 0-0: Ball
1-0: Called Strike
1-1: Ball
2-1: Foul Ball, location: 2F
2-2: Foul Ball, location: 2F
2-2: Ball
3-2: Base on Balls
Batting: RHB Carlos Miranda 0-0: Foul Ball, location: 2F
0-1: Ball
1-1: Called Strike
1-2: Ball
2-2: Strikes out looking
Batting: LHB Daniel Byrd 0-0: Called Strike
0-1: Ball
1-1: Foul Ball, location: 2F
1-2: Foul Ball, location: 2F
1-2: Strikes out swinging
Batting: RHB Dan Craft 0-0: Fielders Choice at 2nd, U6 (Groundball, 6M)
Top of the 2nd over - 0 run(s), 0 hit(s), 0 error(s), 1 left on base; Key West 0 - Wichita 0
BOTTOM OF THE 2ND
Wichita Wranglers batting - Pitching for Key West Barracudas : LHP Luis Rodríguez
Batting: LHB Alfredo Sánchez 0-0: Foul Ball, location: 2F
0-1: Foul Ball, location: 2F
0-2: Strikes out swinging
Batting: LHB Ramiro Martínez 0-0: Ball
1-0: Ground out 4-3 (Groundball, 4)
Batting: RHB Werner Watkins 0-0: Swinging Strike
0-1: Swinging Strike
0-2: Foul Ball, location: 2F
0-2: Fly out, F1 (Popup, 15S)
Bottom of the 2nd over - 0 run(s), 0 hit(s), 0 error(s), 0 left on base; Key West 0 - Wichita 0
TOP OF THE 3RD
Key West Barracudas batting - Pitching for Wichita Wranglers : LHP Craig Sturdy
Batting: SHB Rodney Birling 0-0: Called Strike
0-1: Ball
1-1: Ball
2-1: Ball
3-1: Swinging Strike
3-2: Strikes out swinging
Batting: RHB Carlos Bravo 0-0: Ball
1-0: Foul Ball, location: 2F
1-1: Called Strike
1-2: Ball
2-2: Ball
3-2: Strikes out swinging
Batting: RHB Richard Sanders 0-0: Ground out 5-3 (Groundball, 5L)
Top of the 3rd over - 0 run(s), 0 hit(s), 0 error(s), 0 left on base; Key West 0 - Wichita 0
BOTTOM OF THE 3RD
Wichita Wranglers batting - Pitching for Key West Barracudas : LHP Luis Rodríguez
Batting: RHB Dave Henderson 0-0: DOUBLE (Line Drive, 7LM)
Batting: RHB Tom Howe 0-0: Called Strike
0-1: Ball
1-1: SINGLE (Line Drive, 34D)
Dave Henderson to third
Runner from 3rd tries for Home, SAFE, no throw or cutoff
Batting: RHB Don Thomas 0-0: Ball
1-0: Foul Ball, location: 2F
1-1: Ball
2-1: Grounds into double play, 5-4-3 (Groundball, 5L)
Batting: RHB Doug Delaney 0-0: Ball
1-0: Ground out 5-3 (Groundball, 5)
Bottom of the 3rd over - 1 run(s), 2 hit(s), 0 error(s), 0 left on base; Key West 0 - Wichita 1
TOP OF THE 4TH
Key West Barracudas batting - Pitching for Wichita Wranglers : LHP Craig Sturdy
Batting: SHB Luis Manuel López 0-0: Ball
1-0: Ball
2-0: Called Strike
2-1: Fly out, F5 (Popup, 5SF)
Batting: LHB Domingo Ledesma 0-0: Swinging Strike
0-1: Called Strike
0-2: Foul Ball, location: 2F
0-2: Ball
1-2: Fly out, F9 (Flyball, 9LMF)
Batting: LHB Víctor Acevedo 0-0: Ball
1-0: Ball
2-0: Ball
3-0: Called Strike
3-1: Foul Ball, location: 2F
3-2: Ground out 6-3 (Groundball, 6)
Top of the 4th over - 0 run(s), 0 hit(s), 0 error(s), 0 left on base; Key West 0 - Wichita 1
BOTTOM OF THE 4TH
Wichita Wranglers batting - Pitching for Key West Barracudas : LHP Luis Rodríguez
Batting: SHB Javier Peña 0-0: Called Strike
0-1: Ball
1-1: Ball
2-1: Fly out, F9 (Line Drive, 9M)
Batting: LHB José Hernández 0-0: Ball
1-0: SINGLE (Flyball, 8RS)
Batting: LHB Alfredo Sánchez 0-0: Ball
1-0: Ball
2-0: Foul Ball, location: 2F
2-1: Foul Ball, location: 2F
2-2: Ball
3-2: Fly out, F8 (Flyball, 8LXD)
Batting: LHB Ramiro Martínez 0-0: Foul Ball, location: 2F
0-1: Fly out, F8 (Flyball, 8LS)
Bottom of the 4th over - 0 run(s), 1 hit(s), 0 error(s), 1 left on base; Key West 0 - Wichita 1
TOP OF THE 5TH
Key West Barracudas batting - Pitching for Wichita Wranglers : LHP Craig Sturdy
Batting: RHB Carlos Miranda 0-0: Called Strike
0-1: Ground out 5-3 (Groundball, 56S)
Batting: LHB Daniel Byrd 0-0: Called Strike
0-1: SINGLE (Line Drive, 9LS)
Batting: RHB Dan Craft 0-0: Ball
Wild Pitch!
Daniel Byrd to second
1-0: SINGLE (Groundball, 6D)
Daniel Byrd to third
Runner from 3rd tries for Home, SAFE, throw made home
Dan Craft to second
Batting: SHB Rodney Birling 0-0: 2-RUN HOME RUN (Flyball, 7D), Distance : 358 ft
Batting: RHB Carlos Bravo 0-0: DOUBLE (Line Drive, 89M) - OUT at third base trying to stretch hit.
Batting: RHB Richard Sanders 0-0: Ball
1-0: Ground out 6-3 (Groundball, 6)
Top of the 5th over - 3 run(s), 4 hit(s), 0 error(s), 0 left on base; Key West 3 - Wichita 1
BOTTOM OF THE 5TH
Wichita Wranglers batting - Pitching for Key West Barracudas : LHP Luis Rodríguez
Batting: RHB Werner Watkins 0-0: Ball
1-0: Ball
2-0: Ball
3-0: Called Strike
3-1: Base on Balls
Batting: RHB Dave Henderson 0-0: Ball
1-0: Ball
2-0: Foul Ball, location: 2F
2-1: Ball
3-1: Called Strike
3-2: Base on Balls
Werner Watkins to second
Batting: RHB Tom Howe 0-0: Foul Ball, location: 2F
0-1: Called Strike
0-2: Strikes out swinging
Batting: RHB Don Thomas 0-0: Swinging Strike
0-1: Swinging Strike
0-2: Ball
1-2: Strikes out looking
Batting: RHB Doug Delaney 0-0: Ball
1-0: Ball
2-0: Called Strike
2-1: Swinging Strike
2-2: Foul Ball, location: 2F
2-2: Ball
3-2: Strikes out swinging
Bottom of the 5th over - 0 run(s), 0 hit(s), 0 error(s), 2 left on base; Key West 3 - Wichita 1
TOP OF THE 6TH
Key West Barracudas batting - Pitching for Wichita Wranglers : LHP Craig Sturdy
Batting: SHB Luis Manuel López 0-0: Called Strike
0-1: Ball
1-1: Swinging Strike
1-2: Strikes out swinging
Batting: LHB Domingo Ledesma 0-0: Ball
1-0: Ball
2-0: Ball
3-0: Base on Balls
Batting: LHB Víctor Acevedo 0-0: Ball
1-0: Foul Ball, location: 2F
1-1: Called Strike
1-2: Ball
2-2: Fielders Choice at 2nd, U6 (Groundball, 6M)
Batting: RHB Carlos Miranda 0-0: Called Strike
0-1: Foul Ball, location: 2F
0-2: Strikes out swinging
Top of the 6th over - 0 run(s), 0 hit(s), 0 error(s), 1 left on base; Key West 3 - Wichita 1
BOTTOM OF THE 6TH
Wichita Wranglers batting - Pitching for Key West Barracudas : LHP Luis Rodríguez
Batting: SHB Javier Peña 0-0: Fly out, F9 (Flyball, 9M)
Batting: LHB José Hernández 0-0: SINGLE (Line Drive, 8LS)
Batting: LHB Alfredo Sánchez 0-0: SINGLE (Line Drive, 34D)
José Hernández to second
Batting: LHB Ramiro Martínez 0-0: Foul Ball, location: 2F
0-1: Ball
1-1: Swinging Strike
1-2: Ball
2-2: Ground out 6-3 (Groundball, 6S)
José Hernández to third
Alfredo Sánchez to second
Batting: RHB Werner Watkins 0-0: Ground out 5-3 (Groundball, 15S)
Bottom of the 6th over - 0 run(s), 2 hit(s), 0 error(s), 2 left on base; Key West 3 - Wichita 1
TOP OF THE 7TH
Key West Barracudas batting - Pitching for Wichita Wranglers : LHP Craig Sturdy
Pitching: LHP Curt Montgomery
Batting: LHB Daniel Byrd 0-0: Ball
1-0: Ground out 4-3 (Groundball, 34)
Batting: RHB Dan Craft 0-0: Ball
1-0: Swinging Strike
1-1: Swinging Strike
1-2: Strikes out swinging
Batting: SHB Rodney Birling 0-0: Swinging Strike
0-1: Ball
1-1: Ball
2-1: Ground out 4-3 (Groundball, 4)
Top of the 7th over - 0 run(s), 0 hit(s), 0 error(s), 0 left on base; Key West 3 - Wichita 1
BOTTOM OF THE 7TH
Wichita Wranglers batting - Pitching for Key West Barracudas : LHP Luis Rodríguez
Batting: RHB Dave Henderson 0-0: SINGLE (Line Drive, 4MD)
Pitching: RHP Steven O'Brien
Batting: RHB Tom Howe 0-0: Called Strike
Dave Henderson is caught stealing 2nd base
0-1: Ball
1-1: Swinging Strike
1-2: Ball
2-2: Hit by Pitch
Batting: RHB Don Thomas 0-0: Ball
Tom Howe is caught stealing 2nd base
1-0: Swinging Strike
1-1: Swinging Strike
1-2: Strikes out looking
Bottom of the 7th over - 0 run(s), 1 hit(s), 0 error(s), 0 left on base; Key West 3 - Wichita 1
TOP OF THE 8TH
Key West Barracudas batting - Pitching for Wichita Wranglers : LHP Curt Montgomery
Batting: RHB Carlos Bravo 0-0: Foul Ball, location: 2F
0-1: Foul Ball, location: 2F
0-2: Ball
1-2: Foul Ball, location: 2F
1-2: Ball
2-2: Ball
3-2: Ground out 6-3 (Groundball, 6)
Batting: RHB Richard Sanders 0-0: DOUBLE (Popup, 78S)
Batting: SHB Luis Manuel López 0-0: Ball
1-0: SINGLE (Groundball, 6MD)
Richard Sanders to third
Runner from 3rd tries for Home, SAFE, no throw or cutoff
Batting: LHB Domingo Ledesma 0-0: Ball
1-0: Grounds into double play, U4-3 (Groundball, 4)
Top of the 8th over - 1 run(s), 2 hit(s), 0 error(s), 0 left on base; Key West 4 - Wichita 1
BOTTOM OF THE 8TH
Wichita Wranglers batting - Pitching for Key West Barracudas : RHP Steven O'Brien
Batting: RHB Doug Delaney 0-0: Called Strike
0-1: Ball
1-1: Ball
2-1: Ground out 4-3 (Groundball, 4)
Batting: SHB Javier Peña 0-0: Ball
1-0: Fly out, F9 (Flyball, 9LD)
Batting: LHB José Hernández 0-0: Called Strike
0-1: Ground out 4-3 (Groundball, 4)
Bottom of the 8th over - 0 run(s), 0 hit(s), 0 error(s), 0 left on base; Key West 4 - Wichita 1
TOP OF THE 9TH
Key West Barracudas batting - Pitching for Wichita Wranglers : LHP Curt Montgomery
Batting: LHB Víctor Acevedo 0-0: Fly out, F5 (Line Drive, 5S)
Batting: RHB Carlos Miranda 0-0: Fly out, F3 (Popup, 3F)
Batting: LHB Daniel Byrd 0-0: Called Strike
0-1: Called Strike
0-2: Strikes out swinging
Top of the 9th over - 0 run(s), 0 hit(s), 0 error(s), 0 left on base; Key West 4 - Wichita 1
BOTTOM OF THE 9TH
Wichita Wranglers batting - Pitching for Key West Barracudas : RHP Steven O'Brien
Pitching: LHP José Morán
Now at 1B: Jake Wells
Now in RF: Motoki Hirata
Batting: LHB Alfredo Sánchez 0-0: Ball
1-0: Called Strike
1-1: Foul Ball, location: 2F
1-2: Strikes out swinging
Batting: LHB Ramiro Martínez 0-0: Swinging Strike
0-1: Ball
1-1: Foul Ball, location: 2F
1-2: Strikes out looking
Batting: RHB Werner Watkins 0-0: Foul Ball, location: 2F
0-1: Ball
1-1: Foul Ball, location: 2F
1-2: Ball
2-2: Fly out, F9 (Flyball, 89M)
Bottom of the 9th over - 0 run(s), 0 hit(s), 0 error(s), 0 left on base; Key West 4 - Wichita 1
This league is powered by Out of the Park Baseball, the baseball management simulation game for PC, Mac and Linux
Tuesday, August 2nd, 2016 - OOTP Baseball 16.8 Build 38